[Event "Titled Tuesday Blitz November 08 Late 2022"]
[White "Guimaraes, Marcelo Cunha"]
[Black "Desideri, Ricardo Maruchi"]
[WhiteFideId "2118068"]
[BlackFideId "2110440"]
[WhiteElo "2108"]
[BlackElo "1945"]
[Result "1-0"]
[Round "03"]
[TimeControl "180+1"]
[Date "2022.11.09"]
[WhiteClock "0:02:36"]
[BlackClock "0:02:12"]

1. e4 c5 2. Nf3 d6 3. d4 cxd4 4. Nxd4 Nf6 5. Nc3 a6 6. Bc4 e6 7. O-O Qc7 8. Bb3 Nc6 9. Be3 Bd7 10. f4 Nxd4 11. Bxd4 Bc6 12. Bxf6 gxf6 13. f5 Ke7 14. fxe6 fxe6 15. Qg4 h5 16. Qxe6+ Kd8 17. Qxf6+ 1-0


[Site "https://www.chess.com"]

[Event "Titled Tuesday Blitz November 08 Late 2022"]
[White "Hajiyev, Kanan"]
[Black "Thomforde-Toates, Noah"]
[WhiteFideId "13404148"]
[BlackFideId "30951992"]
[WhiteElo "2450"]
[BlackElo "2627"]
[Result "1-0"]
[Round "03"]
[TimeControl "180+1"]
[Date "2022.11.09"]
[WhiteClock "0:00:40"]
[BlackClock "0:00:43"]

1. d4 Nf6 2. Nf3 g6 3. c4 Bg7 4. g3 O-O 5. Bg2 d6 6. O-O Nc6 7. b3 e5 8. Bb2 exd4 9. Nxd4 Nxd4 10. Bxd4 c6 11. Nc3 Be6 12. Qd2 Qa5 13. Rfd1 Rad8 14. Bxf6 Bxf6 15. Nd5 Qxd2 16. Nxf6+ Kg7 17. Nh5+ gxh5 18. Rxd2 Kf6 19. Rad1 Ke7 20. h4 Rg8 21. Bf3 Bg4 22. Kg2 Bxf3+ 23. Kxf3 Rg6 24. Rd4 Rf6+ 25. Rf4 Rxf4+ 26. Kxf4 Kf6 27. e4 Ke6 28. Kg5 Ke5 29. Re1 Rg8+ 30. Kxh5 Rg6 31. f4+ Kd4 32. g4 Re6 33. e5 dxe5 34. fxe5 Kc3 35. Kg5 Kd2 36. Re4 Kd3 37. Kf5 a5 38. c5 Kc3 39. Ra4 Kb2 40. Rxa5 Kc3 41. Ra4 Kb2 42. g5 Ka1 43. h5 Kb2 44. h6 Ka1 45. Ra7 Kb2 46. Rxb7 Kxa2 47. Rxf7 Re8 48. Rxh7 Kxb3 49. Rc7 Kc4 50. Rxc6 Kd5 51. Rc7 Rf8+ 52. Kg6 Kxe5 53. h7 Ke6 54. Kg7 Rf5 55. g6 1-0


[Site "https://www.chess.com"]

[Event "Titled Tuesday Blitz November 08 Late 2022"]
[White "Hansen, Eric"]
[Black "Sohal, Tanraj"]
[WhiteFideId "2606771"]
[BlackFideId "2608499"]
[WhiteElo "2952"]
[BlackElo "2528"]
[Result "1-0"]
[Round "03"]
[TimeControl "180+1"]
[Date "2022.11.09"]
[WhiteClock "0:00:20"]
[BlackClock "0:00:02"]

1. d4 d5 2. c4 e6 3. Nc3 Nf6 4. cxd5 exd5 5. Bg5 Be7 6. e3 O-O 7. Qc2 c6 8. Bd3 g6 9. Nf3 Nbd7 10. h3 Re8 11. O-O Nf8 12. Rab1 Ne6 13. Bh6 Ng7 14. b4 a6 15. a4 Bf5 16. Bxg7 Bxd3 17. Qxd3 Kxg7 18. b5 axb5 19. axb5 Bd6 20. bxc6 bxc6 21. Qc2 Qd7 22. Rb6 Reb8 23. Rfb1 Rxb6 24. Rxb6 Ra1+ 25. Rb1 Qa7 26. g3 Rxb1+ 27. Qxb1 c5 28. dxc5 Qxc5 29. Ne2 Be7 30. Nf4 Bd6 31. Ne2 Be7 32. Qb7 Bd6 33. Ned4 Qc7 34. Qb2 Qd7 35. Kg2 h6 36. g4 Kg8 37. Qb6 h5 38. gxh5 Nxh5 39. Qa5 Bf8 40. Ne5 Qb7 41. Qd8 Qe7 42. Qxd5 Qg5+ 43. Kf1 Qf6 44. Ndf3 Ng7 45. Ng4 Qa6+ 46. Kg2 Ne6 47. Nf6+ Kg7 48. Nd7 Bd6 49. Nd4 Nxd4 50. Qxd4+ Kg8 51. Nf6+ Kf8 52. Ne4 Be7 53. Qh8# 1-0


[Site "https://www.chess.com"]

[Event "Titled Tuesday Blitz November 08 Late 2022"]
[White "Harvey, Marcus R"]
[Black "Estrada Nieto, Julian"]
[WhiteFideId "400092"]
[BlackFideId "5101018"]
[WhiteElo "2764"]
[BlackElo "2524"]
[Result "1-0"]
[Round "03"]
[TimeControl "180+1"]
[Date "2022.11.09"]
[WhiteClock "0:00:42"]
[BlackClock "0:00:50"]

1. c4 e5 2. Nc3 Nf6 3. e4 Nc6 4. d3 Bb4 5. Bd2 d6 6. a3 Ba5 7. Nf3 Bg4 8. Be2 Bxf3 9. gxf3 Nd4 10. b4 Bb6 11. f4 c6 12. Rg1 O-O 13. c5 dxc5 14. fxe5 Nd7 15. Bg5 Qc7 16. f4 Kh8 17. Rg2 f6 18. exf6 gxf6 19. Bh6 Rg8 20. Kf1 Rxg2 21. Kxg2 Rg8+ 22. Kh1 Rg6 23. Bh5 Rxh6 24. Qg4 Nc2 25. Rg1 Rg6 26. Bxg6 Nf8 27. Bh5 Ng6 28. Bxg6 cxb4 29. Bxh7 Kxh7 30. Qh5# 1-0


[Site "https://www.chess.com"]

[Event "Titled Tuesday Blitz November 08 Late 2022"]
[White "Haszon, David"]
[Black "Tokhirjonova, Gulrukhbegim"]
[WhiteFideId "733610"]
[BlackFideId "14203626"]
[WhiteElo "2211"]
[BlackElo "2236"]
[Result "1-0"]
[Round "03"]
[TimeControl "180+1"]
[Date "2022.11.09"]
[WhiteClock "0:00:18"]
[BlackClock "0:00:04"]

1. e4 e5 2. Nf3 Nc6 3. Bb5 a6 4. Ba4 Nf6 5. d4 exd4 6. O-O Nxe4 7. Re1 d5 8. Nxd4 Bc5 9. Bxc6+ bxc6 10. f3 Qf6 11. c3 Bg4 12. Nd2 Bxd4+ 13. cxd4 Qxd4+ 14. Kh1 Bh5 15. g4 O-O 16. fxe4 Bg6 17. exd5 cxd5 18. Nf3 Qxg4 19. Rg1 Qe4 20. Re1 Qg4 21. Rg1 Qh5 22. Bf4 Be4 23. Rg3 c5 24. Kg2 Rfe8 25. Qf1 d4 26. Re1 Qd5 27. Kg1 Qxa2 28. Ng5 Bg6 29. Rg2 h6 30. Nf3 d3 31. Ne5 c4 32. Bxh6 Rxe5 33. Rxe5 gxh6 34. Qf6 Qb1+ 35. Kf2 Qxb2+ 36. Kg3 Qb7 37. Kh3 Rf8 38. Re7 Qc8+ 39. Kh4 Qe8 40. Rxg6+ fxg6 41. Qg7# 1-0


[Site "https://www.chess.com"]

[Event "Titled Tuesday Blitz November 08 Late 2022"]
[White "Hauge, Lars Oskar"]
[Black "Al-Tarboush, Ward"]
[WhiteFideId "1509276"]
[BlackFideId "7601450"]
[WhiteElo "2431"]
[BlackElo "2273"]
[Result "1-0"]
[Round "03"]
[TimeControl "180+1"]
[Date "2022.11.08"]
[WhiteClock "0:01:28"]
[BlackClock "0:00:09"]

1. e4 d6 2. d4 Nf6 3. Nc3 e5 4. Nf3 Nbd7 5. Bc4 Be7 6. a4 O-O 7. O-O c6 8. Re1 b6 9. h3 Bb7 10. Ba2 a6 11. dxe5 dxe5 12. Nh4 Nc5 13. Qf3 Nfxe4 14. Nxe4 Bxh4 15. Nxc5 bxc5 16. Rxe5 Bf6 17. Re1 c4 18. Bxc4 Qd4 19. Bd3 Rae8 20. Bf4 Qxb2 21. Bd6 Rxe1+ 22. Rxe1 Rd8 23. Qe4 Be7 24. Qxh7+ Kf8 25. Qh8# 1-0


[Site "https://www.chess.com"]

[Event "Titled Tuesday Blitz November 08 Late 2022"]
[White "He, Samuel"]
[Black "Tan, Ralph"]
[WhiteFideId "2087235"]
[BlackFideId "30966590"]
[WhiteElo "2603"]
[BlackElo "2059"]
[Result "0-1"]
[Round "03"]
[TimeControl "180+1"]
[Date "2022.11.09"]
[WhiteClock "0:00:05"]
[BlackClock "0:00:18"]

1. h4 Nf6 2. c4 g6 3. b3 Bg7 4. Bb2 d6 5. Nf3 Nc6 6. d4 Bf5 7. d5 Nb4 8. Nd4 Bd7 9. Nc3 c5 10. dxc6 Nxc6 11. e3 h5 12. Be2 Rc8 13. Nf3 O-O 14. Ng5 Ne5 15. Qd2 a6 16. O-O Bc6 17. Nd5 Nxd5 18. cxd5 Bd7 19. Rac1 Bg4 20. f3 Bd7 21. Bd4 f6 22. Ne6 Bxe6 23. dxe6 Kh7 24. Rxc8 Qxc8 25. Rc1 Qxe6 26. Qb4 Nc6 27. Qc3 Nxd4 28. Qxd4 f5 29. Qd3 f4 30. e4 Qf6 31. Rc7 b5 32. Qd5 Qxh4 33. Bf1 Qf6 34. Qb7 Rf7 35. Qxa6 Qd4+ 36. Kh2 Qf2 37. Qa7 Bd4 38. Qxd4 Qxd4 39. g4 Qf2+ 0-1


[Site "https://www.chess.com"]

[Event "Titled Tuesday Blitz November 08 Late 2022"]
[White "Ibadov, Dashgyn"]
[Black "Pniaczek, Marek"]
[WhiteFideId "24107514"]
[BlackFideId "21800421"]
[WhiteElo "2208"]
[BlackElo "2138"]
[Result "0-1"]
[Round "03"]
[TimeControl "180+1"]
[Date "2022.11.09"]
[WhiteClock "0:00:19"]
[BlackClock "0:01:04"]

1. e4 e5 2. Nf3 Nc6 3. Nc3 Nf6 4. d4 exd4 5. Nxd4 Nxe4 6. Nxe4 Qe7 7. f3 d5 8. Bb5 Bd7 9. O-O dxe4 10. Bxc6 bxc6 11. Re1 O-O-O 12. Rxe4 Qf6 13. c3 c5 14. Rf4 Qg6 15. Nb3 Bh3 16. Qxd8+ Kxd8 17. g3 Bd6 18. Rh4 Be6 19. Be3 Bxg3 0-1


[Site "https://www.chess.com"]

[Event "Titled Tuesday Blitz November 08 Late 2022"]
[White "Ibarra Jerez, Jose Carlos"]
[Black "Vlassov, Nikolai"]
[WhiteFideId "2226332"]
[BlackFideId "4103360"]
[WhiteElo "2911"]
[BlackElo "2589"]
[Result "1-0"]
[Round "03"]
[TimeControl "180+1"]
[Date "2022.11.09"]
[WhiteClock "0:00:21"]
[BlackClock "0:00:23"]

1. Nc3 d5 2. e4 d4 3. Nce2 e5 4. Ng3 c5 5. Bc4 Nc6 6. Nf3 Bd6 7. a3 Nf6 8. d3 O-O 9. O-O Be6 10. Nh4 Ne7 11. Bg5 Nd7 12. Nhf5 Bxc4 13. Nxd6 Be6 14. Nxb7 Qb6 15. Bxe7 Rfe8 16. Nxc5 Nxc5 17. Bxc5 Qxc5 18. Qd2 a5 19. f4 exf4 20. Rxf4 Reb8 21. Rb1 Ra7 22. b3 Qxa3 23. Rbf1 Qb2 24. Qf2 Rc8 25. Nh5 Rxc2 26. Qg3 g6 27. R4f2 Rac7 28. Nf6+ Kf8 29. Qxc7 Rxc7 30. Rxb2 Rc3 31. Nxh7+ Kg7 32. Ng5 Bxb3 33. Rxb3 Rxb3 34. Rxf7+ Kh6 35. h4 Kh5 36. g3 Rxd3 37. Kg2 a4 38. Kh3 1-0


[Site "https://www.chess.com"]

[Event "Titled Tuesday Blitz November 08 Late 2022"]
[White "Iliaguev, Nisim"]
[Black "Dubov, Daniil"]
[WhiteFideId "2817276"]
[BlackFideId "24126055"]
[WhiteElo "2244"]
[BlackElo "2791"]
[Result "0-1"]
[Round "03"]
[TimeControl "180+1"]
[Date "2022.11.08"]
[WhiteClock "0:01:08"]
[BlackClock "0:02:16"]

1. d4 g6 2. Nf3 Nf6 3. g3 b6 4. Bg2 Bb7 5. O-O Bg7 6. c4 O-O 7. Nc3 Ne4 8. Qc2 Nxc3 9. bxc3 Nc6 10. e4 Na5 11. Nd2 Ba6 12. e5 Nxc4 13. Nxc4 Bxc4 14. Rd1 c6 15. a4 Rc8 16. Ba3 Re8 17. h4 h5 18. Be4 d6 19. exd6 exd6 20. Re1 Qd7 21. Qd2 Rxe4 22. Rxe4 Bd5 23. Re3 Qh3 24. f4 Qh1+ 25. Kf2 Qg2+ 26. Ke1 Qg1+ 27. Ke2 Qxa1 28. Bxd6 Bc4+ 29. Kf3 Qh1+ 30. Qg2 Bd5+ 0-1


[Site "https://www.chess.com"]

[Event "Titled Tuesday Blitz November 08 Late 2022"]
[White "Jean Louis, Marckens"]
[Black "Korchmar, Vasiliy"]
[WhiteFideId "11900270"]
[BlackFideId "24131750"]
[WhiteElo "2489"]
[BlackElo "2734"]
[Result "0-1"]
[Round "03"]
[TimeControl "180+1"]
[Date "2022.11.09"]
[WhiteClock "0:00:31"]
[BlackClock "0:00:20"]

1. d4 d5 2. Nf3 Nf6 3. g3 g6 4. Bg2 Bg7 5. O-O O-O 6. b3 a5 7. a4 Bf5 8. Bb2 c6 9. Nbd2 Na6 10. Nh4 Be6 11. Re1 Qd7 12. Nhf3 Bf5 13. Ne5 Qc8 14. Ba3 Re8 15. c3 Ng4 16. Nxg4 Bxg4 17. Nf3 Bh3 18. e4 Bxg2 19. Kxg2 dxe4 20. Rxe4 Qd7 21. Qe1 e6 22. Rd1 b5 23. Ne5 Qb7 24. Kg1 Nc7 25. Nd3 bxa4 26. Nc5 Qb6 27. bxa4 Nd5 28. Rb1 Qd8 29. Nb7 Qg5 30. Bc1 Qf5 31. Nd6 Qf3 32. Nxe8 Rxe8 33. Bd2 h5 34. Qe2 Qf5 35. c4 Nf6 36. Re5 Qxb1+ 37. Kg2 Qc2 38. Bxa5 Qxa4 39. Be1 Ra8 40. h3 Qb3 41. Re3 Qb7 42. Kh2 Rd8 43. Bc3 Qa6 44. Rf3 Nd5 45. Bb2 Nb6 46. Qe4 Nxc4 47. Bc1 Nd6 48. Qf4 Qb7 49. Be3 Nf5 50. g4 hxg4 51. hxg4 Nxd4 52. Rh3 Qb8 53. Kg3 Be5 54. Rh1 Bxf4+ 55. Bxf4 e5 56. Be3 e4+ 57. Bf4 Qxf4+ 58. Kxf4 Ne6+ 59. Kxe4 c5 60. Ke5 Rc8 61. Rc1 c4 62. f4 c3 63. f5 gxf5 64. gxf5 Ng5 65. Kf4 f6 66. Ke3 Kf7 67. Kd3 c2 68. Kd2 Ne4+ 69. Kd3 Nd6 70. Kd2 Nxf5 71. Kd3 Ne7 72. Kd2 f5 73. Kd3 Kf6 74. Kd2 Ng6 75. Kd3 Ne5+ 76. Kd2 f4 77. Rxc2 Rxc2+ 78. Kxc2 Kf5 79. Kd2 Kg4 80. Ke1 Kg3 81. Kf1 Kf3 82. Ke1 Kg2 83. Kd2 f3 84. Kc3 f2 85. Kd4 f1=Q 86. Kxe5 Qf3 87. Kd4 Qe2 88. Kc3 Qd1 89. Kb4 Qc2 90. Ka5 Qb3 91. Ka6 Kf3 92. Ka5 Ke4 93. Ka6 Kd5 94. Ka5 Kc6 95. Ka6 Qa4# 0-1


[Site "https://www.chess.com"]

[Event "Titled Tuesday Blitz November 08 Late 2022"]
[White "Jorquera, Marcelo"]
[Black "Clawitter, Craig"]
[WhiteFideId "3401197"]
[BlackFideId "2023105"]
[WhiteElo "2136"]
[BlackElo "2173"]
[Result "1-0"]
[Round "03"]
[TimeControl "180+1"]
[Date "2022.11.09"]
[WhiteClock "0:00:41"]
[BlackClock "0:00:06"]

1. e4 e6 2. Qe2 c5 3. Nf3 Nc6 4. g3 g6 5. Bg2 Bg7 6. O-O Nge7 7. c3 O-O 8. Rd1 d5 9. e5 h6 10. d4 cxd4 11. cxd4 g5 12. h3 b6 13. Nc3 Nb4 14. h4 Ba6 15. Qd2 g4 16. Nh2 Rc8 17. Nxg4 Nf5 18. Bf1 Bxf1 19. Rxf1 Nxd4 20. Qxd4 Nc2 21. Qd3 Nxa1 22. Bxh6 d4 23. Ne4 Nc2 24. Nef6+ Kh8 25. Qh7# 1-0


[Site "https://www.chess.com"]

[Event "Titled Tuesday Blitz November 08 Late 2022"]
[White "Joubert, Dantelle"]
[Black "Prem, Pranav"]
[WhiteFideId "14310813"]
[BlackFideId "30901057"]
[WhiteElo "1507"]
[BlackElo "1970"]
[Result "0-1"]
[Round "03"]
[TimeControl "180+1"]
[Date "2022.11.09"]
[WhiteClock "0:00:02"]
[BlackClock "0:00:20"]

1. d4 d5 2. c4 e6 3. Nc3 Nf6 4. Nf3 Be7 5. Bf4 O-O 6. e3 Nbd7 7. Be2 c6 8. h3 b6 9. O-O Bb7 10. Rc1 c5 11. cxd5 Nxd5 12. Nxd5 Bxd5 13. b3 Nf6 14. Ne5 Bb7 15. Bf3 Nd5 16. dxc5 Bxc5 17. Bg3 Qe7 18. Nc4 Rfd8 19. Qe2 a6 20. e4 Nb4 21. a3 Nc6 22. b4 Nd4 23. Qd1 Nxf3+ 24. Qxf3 Bd4 25. Rfd1 e5 26. Qf5 g6 27. Qf3 Rac8 28. Ne3 f5 29. Rxc8 Rxc8 30. Nd5 Bxd5 31. exd5 Qf6 32. Qb3 Kg7 33. Kf1 b5 34. f3 Rc3 35. Qb1 e4 36. Bf2 Bxf2 37. Kxf2 exf3 38. gxf3 Qd6 39. Qb2 Qh2+ 40. Kf1 Qxb2 0-1


[Site "https://www.chess.com"]

[Event "Titled Tuesday Blitz November 08 Late 2022"]
[White "Kamsky, Gata"]
[Black "Sebag, Marie"]
[WhiteFideId "2000024"]
[BlackFideId "617822"]
[WhiteElo "2888"]
[BlackElo "2588"]
[Result "1-0"]
[Round "03"]
[TimeControl "180+1"]
[Date "2022.11.09"]
[WhiteClock "0:00:33"]
[BlackClock "0:00:05"]

1. e4 c6 2. d4 d5 3. exd5 cxd5 4. Bd3 Nf6 5. c3 g6 6. Nf3 Bf5 7. Bxf5 gxf5 8. Qb3 Qc8 9. Bg5 Nbd7 10. Nbd2 e6 11. h3 Ne4 12. Bf4 Rg8 13. g3 Be7 14. Nxe4 fxe4 15. Ne5 f6 16. Nxd7 Qxd7 17. O-O-O Rc8 18. g4 b5 19. Kb1 a5 20. f3 exf3 21. Rhf1 b4 22. Rxf3 Kf7 23. Qc2 Kg7 24. g5 Kh8 25. h4 bxc3 26. Rxc3 Rxc3 27. Qxc3 Rc8 28. Qxa5 Qe8 29. Qd2 Qh5 30. gxf6 Bxf6 31. Bg5 Bg7 32. Re1 Qg6+ 33. Ka1 Rc2 34. Qb4 h6 35. Bf4 Qf5 36. Be5 Bxe5 37. dxe5 Qf2 38. Rb1 Rc8 39. Qe7 Qf5 40. Rg1 Qxe5 41. a3 Rg8 42. Rf1 d4 43. Qd7 Qd5 44. Qxd5 exd5 45. Kb1 Rg4 46. Kc2 Rxh4 47. Kd3 Rh2 48. Rb1 Kg7 49. a4 h5 50. a5 Rf2 51. a6 Rf8 52. b4 Kg6 53. b5 h4 54. b6 h3 55. b7 h2 56. a7 1-0


[Site "https://www.chess.com"]

[Event "Titled Tuesday Blitz November 08 Late 2022"]
[White "Kazakov, Mikhail"]
[Black "Guzman, Christopher"]
[WhiteFideId "14102749"]
[BlackFideId "6405096"]
[WhiteElo "2438"]
[BlackElo "2609"]
[Result "1-0"]
[Round "03"]
[TimeControl "180+1"]
[Date "2022.11.09"]
[WhiteClock "0:01:05"]
[BlackClock "0:02:07"]

1. e4 c6 2. d4 d5 3. Nd2 dxe4 4. Nxe4 Nf6 5. Ng3 Bg4 6. Be2 Bxe2 7. N1xe2 Nbd7 8. O-O e6 9. c3 Bd6 10. Bf4 Qc7 11. Qd2 O-O 12. Bxd6 Qxd6 13. Qf4 Qxf4 14. Nxf4 Rfe8 15. Rae1 Rad8 16. Nd3 a5 17. f4 g6 18. Ne5 Nb6 19. Ne4 Nxe4 20. Rxe4 a4 21. g4 Nd5 22. a3 Re7 23. Nd3 b6 24. f5 Nf6 25. Ref4 g5 26. R4f3 Nxg4 27. f6 Red7 28. Rg3 Nh6 29. Rxg5+ Kh8 30. Ne5 Rc7 31. Rg7 Rg8 32. Rxg8+ Kxg8 33. Kf2 Nf5 34. Kf3 Kf8 35. Rd1 Ke8 36. Ke4 Rc8 37. Rg1 Kf8 38. Nd7+ Ke8 39. Nxb6 Rb8 40. Rg8# 1-0


[Site "https://www.chess.com"]

[Event "Titled Tuesday Blitz November 08 Late 2022"]
[White "Kekic, Armin"]
[Black "chess50years"]
[WhiteFideId "14401274"]
[WhiteElo "2132"]
[BlackElo "2093"]
[Result "1-0"]
[Round "03"]
[TimeControl "180+1"]
[Date "2022.11.09"]
[WhiteClock "0:01:05"]
[BlackClock "0:01:18"]

1. e4 c6 2. d3 d5 3. Nd2 e5 4. Ngf3 Bd6 5. d4 exd4 6. Nxd4 Nf6 7. exd5 Nxd5 8. Be2 O-O 9. O-O Nd7 10. N2f3 N7f6 11. h3 h6 12. Bd3 Qc7 13. Nf5 Bxf5 14. Bxf5 Rfe8 15. c3 Rad8 16. Qc2 Nf4 17. Bxf4 Bxf4 18. Rfe1 a6 19. a4 a5 20. Rad1 Rxd1 21. Rxd1 Rd8 22. Kf1 Kf8 23. g3 Bd6 24. Kg2 Bc5 25. Bd3 Qd6 26. Be2 Qe7 27. Rxd8+ Qxd8 28. Bc4 Qe7 29. Qf5 Qd7 30. Qxc5+ 1-0


[Site "https://www.chess.com"]

[Event "Titled Tuesday Blitz November 08 Late 2022"]
[White "Kim, Sergey"]
[Black "Hoffmann, Asa"]
[WhiteFideId "13700570"]
[BlackFideId "2001470"]
[WhiteElo "2577"]
[BlackElo "2117"]
[Result "1-0"]
[Round "03"]
[TimeControl "180+1"]
[Date "2022.11.09"]
[WhiteClock "0:00:25"]
[BlackClock "0:00:02"]

1. d4 Nf6 2. c4 c5 3. d5 e5 4. Nc3 d6 5. e4 Be7 6. Nge2 Nbd7 7. Ng3 g6 8. Be2 h5 9. h3 a6 10. a4 b6 11. Be3 h4 12. Nf1 Nh5 13. Qd2 g5 14. Bxh5 Rxh5 15. Nh2 Rh7 16. Nf3 f6 17. Nh2 Nf8 18. Ng4 Ng6 19. f3 Bxg4 20. fxg4 Rb8 21. O-O Qd7 22. Rf5 Rf7 23. Qe2 Nf4 24. Bxf4 exf4 25. e5 dxe5 26. Ne4 Kf8 27. d6 Bd8 28. b3 Kg7 29. Rd1 Rc8 30. Qd3 Rc6 31. Qd5 Kg6 32. Kh2 Rf8 33. Nxg5 Re8 34. Ne4 Re6 35. Qd3 Kg7 36. Qf3 Rcxd6 37. Nxd6 Rxd6 38. Rd5 Rxd5 39. cxd5 Be7 40. Qe4 b5 41. a5 Qc7 42. Kh1 c4 43. g5 c3 44. gxf6+ Bxf6 45. Qc2 b4 46. Rh5 e4 47. Qxe4 Kf7 48. Rh7+ Bg7 49. Qe6+ Kf8 50. Qf5+ Kg8 51. Qc2 Qd6 52. Rxh4 Qxd5 53. Rxf4 Qd2 54. Qxd2 cxd2 55. Rf1 Bb2 56. g4 1-0


[Site "https://www.chess.com"]

[Event "Titled Tuesday Blitz November 08 Late 2022"]
[White "Kirillov, Dmitry"]
[Black "Wan, Joseph"]
[WhiteFideId "34180572"]
[BlackFideId "2069890"]
[WhiteElo "2508"]
[BlackElo "2750"]
[Result "0-1"]
[Round "03"]
[TimeControl "180+1"]
[Date "2022.11.09"]
[WhiteClock "0:01:10"]
[BlackClock "0:01:37"]

1. e4 g6 2. d4 Bg7 3. Nc3 d6 4. Nf3 a6 5. a4 b6 6. Bd3 Bb7 7. h4 h6 8. Bf4 e6 9. Qd2 Nd7 10. Bg3 Ne7 11. O-O O-O 12. e5 d5 13. Bf4 Kh7 14. g4 c5 15. Rfe1 cxd4 16. Nxd4 Nc5 17. h5 Nc6 18. Nf3 Nb4 19. g5 Nbxd3 20. cxd3 Nb3 21. Qe3 d4 0-1


[Site "https://www.chess.com"]

[Event "Titled Tuesday Blitz November 08 Late 2022"]
[White "Kopacz, Grzegorz"]
[Black "Suarez Uriel, Adrian"]
[WhiteFideId "1109880"]
[BlackFideId "22230874"]
[WhiteElo "2037"]
[BlackElo "2331"]
[Result "1-0"]
[Round "03"]
[TimeControl "180+1"]
[Date "2022.11.09"]
[WhiteClock "0:00:35"]
[BlackClock "0:01:12"]

1. d4 Nf6 2. c4 b6 3. Nc3 Bb7 4. f3 d5 5. cxd5 Nxd5 6. e4 Nxc3 7. bxc3 e5 8. Ne2 exd4 9. cxd4 Bb4+ 10. Bd2 Bxd2+ 11. Qxd2 O-O 12. Nc3 Nd7 13. Bc4 c5 14. O-O Rc8 15. d5 Ne5 16. Be2 Re8 17. a4 Qf6 18. a5 Ng6 19. axb6 axb6 20. Rfb1 Nf4 21. Bf1 Rcd8 22. Na4 Rd6 23. Rb2 h5 24. Rab1 Qg5 25. Kh1 f5 26. Rxb6 Rxb6 27. Rxb6 Bc8 28. Nxc5 fxe4 29. Nxe4 Qe5 30. d6 Bd7 31. Qb2 Qd5 32. Qc2 Rc8 33. Qb2 Kh8 34. Rb8 Qd1 35. Rxc8+ Bxc8 36. Qb5 Bd7 37. Qc4 Be6 38. Qa6 Qe1 39. Ng5 Bf5 40. Qa8+ 1-0


[Site "https://www.chess.com"]

[Event "Titled Tuesday Blitz November 08 Late 2022"]
[White "Korkmaz, Necmettin"]
[Black "Han, Yichen"]
[WhiteFideId "6303285"]
[BlackFideId "1054430"]
[WhiteElo "2430"]
[BlackElo "2608"]
[Result "1-0"]
[Round "03"]
[TimeControl "180+1"]
[Date "2022.11.09"]
[WhiteClock "0:00:09"]
[BlackClock "0:00:04"]

1. e4 g6 2. d4 Bg7 3. Nc3 c5 4. Nf3 cxd4 5. Nxd4 Nc6 6. Be3 Nf6 7. Bc4 O-O 8. h3 Qa5 9. O-O a6 10. Bb3 d6 11. Nd5 Nxd5 12. Bxd5 Bd7 13. c3 Rac8 14. a4 e6 15. Bb3 Ne5 16. Nf3 Nc4 17. Bxc4 Rxc4 18. Qxd6 Bc6 19. Bd4 Rd8 20. Qf4 Bxd4 21. Nxd4 Be8 22. Qf6 Rdc8 23. Rfd1 Rxa4 24. Nxe6 fxe6 25. Qxe6+ Kg7 26. Qxc8 Rxa1 27. Qxb7+ Bf7 28. Rxa1 Qxa1+ 29. Kh2 Qa5 30. f4 Qb5 31. Qxb5 axb5 32. Kg3 Kf6 33. Kf3 Ke6 34. g4 Kd6 35. Ke3 Kc5 36. f5 Kc4 37. e5 gxf5 38. gxf5 Kd5 39. e6 Be8 40. Kf4 h6 41. b3 Bh5 42. c4+ bxc4 43. bxc4+ Kd6 44. c5+ Kxc5 45. Ke5 Kc6 46. f6 Kc7 47. f7 Bxf7 48. exf7 Kd7 49. f8=Q Kc6 50. Qxh6+ Kb5 51. Qd6 Ka4 52. Qb8 Ka3 53. Kd4 Ka2 54. Kc3 1-0


[Site "https://www.chess.com"]

[Event "Titled Tuesday Blitz November 08 Late 2022"]
[White "Koutlas, Nikolaos"]
[Black "Goltsev, Dmitry"]
[WhiteFideId "25827138"]
[BlackFideId "24176710"]
[WhiteElo "2501"]
[BlackElo "2746"]
[Result "0-1"]
[Round "03"]
[TimeControl "180+1"]
[Date "2022.11.09"]
[WhiteClock "0:01:50"]
[BlackClock "0:02:24"]

1. e4 e6 2. d4 d5 3. Nd2 c5 4. Ngf3 Nc6 5. exd5 exd5 6. Bd3 Nf6 7. O-O Be7 8. dxc5 Bxc5 9. Re1+ Be6 10. Nb3 Bb6 11. Nbd4 O-O 12. Rxe6 fxe6 13. Nxe6 Bxf2+ 14. Kxf2 Qb6+ 15. Be3 Ng4+ 16. Kg3 Nxe3 17. Qg1 Nf5+ 18. Bxf5 Qxg1 19. Rxg1 Rxf5 20. Rd1 Re8 21. Nc7 Re2 22. Nxd5 h6 23. b4 Rf7 24. b5 Ne7 25. Nb4 Nf5+ 26. Kh3 g5 27. Nd3 g4+ 28. Kxg4 Ne3+ 29. Kh5 Nxd1 30. Nde5 0-1


[Site "https://www.chess.com"]

[Event "Titled Tuesday Blitz November 08 Late 2022"]
[White "Kozak, Adam"]
[Black "Sourath Biswas"]
[WhiteFideId "753246"]
[BlackFideId "35091484"]
[WhiteElo "2869"]
[BlackElo "2582"]
[Result "1-0"]
[Round "03"]
[TimeControl "180+1"]
[Date "2022.11.09"]
[WhiteClock "0:01:08"]
[BlackClock "0:00:12"]

1. e4 c5 2. Nf3 d6 3. Bb5+ Nd7 4. b3 Nf6 5. e5 dxe5 6. Nxe5 a6 7. Bxd7+ Nxd7 8. Qe2 Qc7 9. Bb2 Nf6 10. O-O g6 11. Nc3 Bg7 12. Rae1 O-O 13. Ne4 Ng4 14. Nxg4 Bxb2 15. c3 Bxg4 16. Qxg4 f5 17. Qg3 e5 18. Ng5 Rad8 19. Ne6 Qd6 20. Nxf8 Rxf8 21. Qxe5 Qxd2 22. Re3 c4 23. Qe6+ Kg7 24. Qxc4 Rf7 25. a4 f4 26. Rh3 f3 27. Rxh7+ Kxh7 28. Qxf7+ 1-0


[Site "https://www.chess.com"]

[Event "Titled Tuesday Blitz November 08 Late 2022"]
[White "Krishnan, Varun"]
[Black "Burke, Paul"]
[WhiteFideId "5054508"]
[BlackFideId "2605767"]
[WhiteElo "2529"]
[BlackElo "1812"]
[Result "1-0"]
[Round "03"]
[TimeControl "180+1"]
[Date "2022.11.09"]
[WhiteClock "0:01:13"]
[BlackClock "0:00:09"]

1. d4 Nf6 2. c4 c5 3. d5 Ne4 4. Qc2 Qa5+ 5. Nd2 Nf6 6. e4 d6 7. h3 g6 8. Nf3 Bg7 9. Be2 O-O 10. O-O Na6 11. a3 h6 12. Rb1 e5 13. Ne1 Bd7 14. Nd3 Qd8 15. b4 b6 16. f4 exf4 17. Nxf4 Re8 18. b5 Nc7 19. Bb2 a6 20. a4 axb5 21. axb5 Qe7 22. Bf3 Ra2 23. Qb3 Rxb2 24. Rxb2 Qe5 25. Nd3 Qd4+ 26. Kh1 Nh7 27. Ra2 Ng5 28. Ra7 Qe3 29. Rxc7 Qxd2 30. Rxd7 Nxf3 31. Rxf3 Be5 32. Nxe5 Rxe5 33. Qe3 Qd1+ 34. Kh2 f5 35. Qxh6 1-0


[Site "https://www.chess.com"]

[Event "Titled Tuesday Blitz November 08 Late 2022"]
[White "Kumala, Aleksander"]
[Black "Barash, Anton"]
[WhiteFideId "1141880"]
[BlackFideId "30935229"]
[WhiteElo "2269"]
[BlackElo "2287"]
[Result "1-0"]
[Round "03"]
[TimeControl "180+1"]
[Date "2022.11.09"]
[WhiteClock "0:01:32"]
[BlackClock "0:00:02"]

1. d4 Nf6 2. Bg5 g6 3. Bxf6 exf6 4. e3 Bg7 5. c4 O-O 6. g3 f5 7. Bg2 c6 8. Nc3 d6 9. Nge2 Re8 10. O-O Nd7 11. b4 Nf6 12. Qd3 Be6 13. a4 d5 14. cxd5 Nxd5 15. Nxd5 Bxd5 16. Bxd5 Qxd5 17. Nf4 Qf3 18. Qd1 Qe4 19. Qb1 Qf3 20. Qd1 Qe4 21. b5 h5 22. bxc6 bxc6 23. h4 c5 24. dxc5 Bxa1 25. Qxa1 Rec8 26. Rc1 Rc6 27. Qd4 Rac8 28. Nd5 Qe6 29. Nf4 Qe7 30. Nd5 Qe6 31. Nb4 R6c7 32. c6 Rb8 33. Nd5 Rxc6 34. Rxc6 Rb1+ 35. Kh2 1-0


[Site "https://www.chess.com"]